 Dungeon Crawl Stone Soup version 0.29-a0-923-g6e406bff71 (webtiles) character file.

Game seed: 11139159721821844201

6209 tsouns the Marksdemonspawn (level 10, -3/67 HPs)
             Began as a Demonspawn Hunter on July 27, 2022.
             Was an Elder of Sif Muna.
             Slain by a wyvern (14 damage)
             ... on level 9 of the Dungeon.
             The game lasted 00:15:21 (9146 turns).

tsouns the Marksdemonspawn (Demonspawn Hunter)      Turns: 9146, Time: 00:15:22

Health: -3/67      AC: 12    Str: 12    XL:     10   Next: 61%
Magic:  10/10      EV: 16    Int: 14    God:    Sif Muna [****..]
Gold:   415        SH:  0    Dex: 23    Spells: 2/9 levels left

rFire   . . .      SeeInvis .   a - +1 shortbow
rCold   . . .      Faith    .   (shield currently unavailable)
rNeg    . . .      Spirit   .   E - +0 steam dragon scales
rPois   .          Reflect  .   (no helmet)
rElec   .          Harm     .   (no cloak)
rCorr   .          Rampage  .   i - +2 pair of gloves
Will    .....                   B - +0 pair of boots
Stlth   ++........              (no amulet)
HPRegen 0.21/turn               k - +4 ring of evasion
MPRegen 0.12/turn               z - +6 ring of dexterity

@: hasted, very quick
A: hooves 2, slimy green scales 2, foul stench 1, powered by death 2
a: Renounce Religion, Channel Magic, Forget Spell, Divine Exegesis


You were on level 9 of the Dungeon.
You worshipped Sif Muna.
Sif Muna was greatly pleased with you.
You visited 1 branch of the dungeon, and saw 9 of its levels.

You collected 415 gold pieces.

Inventory:

Hand Weapons
 a - a +1 shortbow (weapon)
 u - a +2 vorpal falchion
 y - a +1 spear of venom
 C - a +2 antimagic halberd
Missiles
 p - 5 silver javelins
 r - a throwing net
 F - 2 curare-tipped darts
Armour
 c - a +1 leather armour
 i - a +2 pair of gloves (worn)
 q - a +1 leather armour of poison resistance
 B - a +0 pair of boots (worn)
 E - +0 steam dragon scales (worn)
Jewellery
 h - an amulet of guardian spirit
 k - a +4 ring of evasion (left hand)
 z - a +6 ring of dexterity (right hand)
 A - a ring of protection from cold
 H - a ring of resist corrosion
Wands
 l - a wand of light (1)
 s - a wand of polymorph (6)
 w - a wand of paralysis (30)
 I - a wand of flame (4)
Scrolls
 b - 3 scrolls of immolation
 f - 3 scrolls of noise
 n - 2 scrolls of poison
Potions
 d - a potion of attraction
 e - 2 potions of haste
 g - 2 potions of might
 j - 2 potions of lignification
 m - 3 potions of brilliance
 o - 3 potions of curing
 t - 3 potions of mutation
 v - a potion of magic
 x - a potion of ambrosia {unknown}
 D - a potion of berserk rage {unknown}
 G - 2 potions of heal wounds
 J - a potion of resistance


   Skills:
 - Level 2.0 Fighting
 + Level 15.0 Ranged Weapons
 - Level 1.7 Dodging
 - Level 0.8 Stealth


You had 2 spell levels left.
You knew the following spells:

 Your Spells              Type           Power      Damage    Failure   Level
a - Slow                  Hex            0%         N/A       28%         1
b - Confusing Touch       Hex            0%         N/A       65%         3
c - Vampiric Draining     Necr           0%         2d6       65%         3

Your spell library contained the following spells:

 Spells                   Type           Power      Damage    Failure   Level
 Poisonous Vapours        Pois/Air       0%         N/A       41%         2
 Dazzling Flash           Conj/Hex       0%         N/A       65%         3
 Corpse Rot               Necr/Pois/Air  0%         N/A       96%         4
 Iskenderun's Mystic Bla  Conj/Tloc      0%         2d3       96%         4
 Starburst                Conj/Fire      0%         6d3       100%        6


Dungeon Overview and Level Annotations

Branches:
Dungeon (9/15)             Temple (0/1) D:5
   Lair: D:8-11         Orc: D:9-12

Altars:
Ashenzari
Dithmenos
Gozag
Hepliaklqana
Kikubaaqudgha
Nemelex Xobeh
Okawaru
Sif Muna
Vehumet
Wu Jian

Shops:
D:1 (

Annotations:
D:4 3 runed translucent doors, sotis's ghost, amateur DENe


Innate Abilities, Weirdness & Mutations

You have hoof-like feet.
You are mostly covered in slimy green scales. (AC +3)
You may rarely emit foul miasma when damaged in melee.
You regenerate health from kills.


Message History

You shoot an arrow. The arrow hits the orc!
You kill the orc!
Sif Muna accepts your kill.
You shoot an arrow.
The arrow completely misses the orc warrior.
You hear an angry hiss.
A wyvern comes into view.
You shoot an arrow.
The arrow barely misses the orc warrior.
You shoot an arrow.
The arrow barely misses the orc warrior.
An orc priest comes into view. It is wielding a +0 dagger.
You shoot an arrow. The orc priest shouts!
The arrow hits the orc warrior.
The orc warrior is moderately wounded.
You shoot an arrow.
The arrow closely misses the orc warrior.
You shoot an arrow.
The arrow closely misses the orc warrior.
The orc priest calls upon Beogh to heal the orc warrior.
The orc warrior is healed somewhat.
The wyvern attacks as you move away! The wyvern bites you.
The wyvern misses you. The wyvern bites you!
There is an open door, spattered with blood here.
The wyvern attacks as you move away! The wyvern closely misses you.
The wyvern bites you!
There is an open door, spattered with blood here.
Things that are here:
a +0 giant club; a +0 giant club; a two-headed ogre corpse The wyvern attacks as you move away!
The wyvern barely misses you. The wyvern bites you!
You emit a cloud of foul miasma!
The wyvern attacks as you move away! The wyvern bites you!
* * * LOW HITPOINT WARNING * * *
The wyvern is engulfed in dark miasma.
The wyvern is poisoned.
The wyvern bites you!
* * * LOW HITPOINT WARNING * * *
You feel yourself speed up. The wyvern bites you!
You die...

.......# #########.'.###.........
.......###.'...#...#..)#.........
.......'...#.#.#.#####.#.........
.......#####.#.#...# #.'.........
.......# #.#.###.# ###.........
######## #....<..# #.........
###'##### #......... #..####
#......... ##.@l.# #######+##
####.# #.# ######o## .
#############.......###### >.)
............'.......'....##...o.
#############.......####.o...)..
#.......# ####..... #########
....


You could see a wyvern (poisoned).

Vanquished Creatures
  A two-headed ogre (D:9)
  A hornet (D:8)
  17 yaks
  3 steam dragons
  A water moccasin (D:8)
  3 black bears
  An ogre (D:5)
  2 phantoms
  4 centaurs
  Blork the orc (D:6)
  A bullfrog (D:8)
  2 necrophages
  3 scorpions
  A kobold brigand (D:7)
  A gnoll sergeant (D:9)
  3 wights (D:8)
  5 killer bees (D:9)
  3 howler monkeys
  2 jellies (D:7)
  3 hounds
  2 orc priests
  A gnoll bouda (D:5)
  2 iguanas (D:6)
  3 orc wizards
  9 gnolls
  7 adders
  A shadow imp (D:6)
  2 ufetubi
  A worm (D:1)
  4 dart slugs
  15 orcs
  6 ball pythons
  9 endoplasms
  A giant cockroach (D:1)
  5 goblins
  4 hobgoblins (D:1)
  9 jackals
  15 kobolds
  4 quokkas
  9 bats
  A frilled lizard (D:3)
  5 rats
173 creatures vanquished.

Notes
Turn   | Place    | Note
-------+----------+-------------------------------------------
     0 | D:1      | tsouns the Demonspawn Hunter began the quest for the Orb.
     0 | D:1      | Reached XP level 1. HP: 16/16 MP: 1/1
   207 | D:1      | Reached skill level 4 in Ranged Weapons
   245 | D:1      | Found Iledargh's Weapon Shoppe.
   290 | D:1      | Gained mutation: You have large cloven feet. [demonic
                  | ancestry]
   290 | D:1      | Reached XP level 2. HP: 20/22 MP: 2/2
   457 | D:1      | Found a faded altar of an unknown god.
   466 | D:1      | Prayed at the altar of an unknown god.
   466 | D:1      | Became a worshipper of Sif Muna the Loreminder
   466 | D:1      | Reached * piety under Sif Muna
   631 | D:1      | Gained mutation: You are partially covered in slimy green
                  | scales. (AC +2) [demonic ancestry]
   631 | D:1      | Reached XP level 3. HP: 23/27 MP: 3/3
   887 | D:1      | Reached ** piety under Sif Muna
  1157 | D:2      | You fall into a shaft and drop 1 floor!
  1252 | D:3      | Reached skill level 5 in Ranged Weapons
  1270 | D:3      | Reached XP level 4. HP: 32/33 MP: 4/4
  1340 | D:3      | Found a broken altar of Ashenzari.
  1746 | D:3      | Gained mutation: You may rarely emit foul miasma when
                  | damaged in melee. [demonic ancestry]
  1746 | D:3      | Reached XP level 5. HP: 11/38 MP: 5/5
  1851 | D:3      | Reached skill level 6 in Ranged Weapons
  2974 | D:4      | Found a runed translucent gate.
  2974 | D:4      | Noticed a water moccasin
  2975 | D:4      | Found a runed translucent gate.
  2975 | D:4      | Noticed sotis's ghost (amateur DENe)
  2976 | D:4      | Found a runed translucent gate.
  3072 | D:4      | Found an iron altar of Okawaru.
  3118 | D:4      | Gained mutation: You have hoof-like feet. [demonic
                  | ancestry]
  3118 | D:4      | Reached XP level 6. HP: 44/44 MP: 6/6
  3196 | D:4      | Found an ancient bone altar of Kikubaaqudgha.
  3480 | D:5      | Entered Level 5 of the Dungeon
  3492 | D:5      | Reached skill level 7 in Ranged Weapons
  4023 | D:5      | Reached XP level 7. HP: 30/50 MP: 7/7
  4382 | D:5      | Found an ornate altar of the Wu Jian Council.
  4397 | D:5      | Reached skill level 8 in Ranged Weapons
  4498 | D:5      | Found a staircase to the Ecumenical Temple.
  4784 | D:6      | Found a shadowy altar of Dithmenos.
  4940 | D:6      | Noticed a steam dragon
  4957 | D:6      | HP: 1/50 [steam dragon/ball of steam (11)]
  4966 | D:6      | Killed a steam dragon
  4967 | D:6      | Reached skill level 9 in Ranged Weapons
  4972 | D:6      | Gained mutation: You regenerate a little health from kills.
                  | [demonic ancestry]
  4972 | D:6      | Reached XP level 8. HP: 18/56 MP: 8/8
  4977 | D:6      | Learned a level 1 spell: Slow
  4981 | D:6      | Learned a level 3 spell: Confusing Touch
  4985 | D:6      | Learned a level 3 spell: Vampiric Draining
  5324 | D:6      | Noticed Blork the orc
  5335 | D:6      | Killed Blork the orc
  5396 | D:6      | Reached *** piety under Sif Muna
  5446 | D:6      | Found an opulent altar of Gozag.
  5489 | D:6      | Found a hazy altar of Hepliaklqana.
  5534 | D:6      | Reached skill level 10 in Ranged Weapons
  5540 | D:6      | Found a sparkling altar of Nemelex Xobeh.
  6078 | D:7      | Reached skill level 11 in Ranged Weapons
  6440 | D:8      | Gained mutation: You are mostly covered in slimy green
                  | scales. (AC +3) [demonic ancestry]
  6440 | D:8      | Reached XP level 9. HP: 61/61 MP: 9/9
  6552 | D:8      | Reached skill level 12 in Ranged Weapons
  7229 | D:8      | Reached skill level 13 in Ranged Weapons
  8156 | D:9      | Gained mutation: You regenerate health from kills. [demonic
                  | ancestry]
  8156 | D:9      | Reached XP level 10. HP: 54/67 MP: 10/10
  8284 | D:9      | Reached skill level 14 in Ranged Weapons
  8718 | D:9      | Found a radiant altar of Vehumet.
  8752 | D:9      | Reached **** piety under Sif Muna
  9028 | D:9      | Noticed a two-headed ogre
  9045 | D:9      | Killed a two-headed ogre
  9046 | D:9      | Reached skill level 15 in Ranged Weapons
  9146 | D:9      | Slain by a wyvern

Illustrated notes

Levels and vault maps discovered:
D:1:      matt_arrival_grand_opening, layout_loops_ring,
          shapermc_ecumenical_altar_mp_ritualfount, serial_shops,
          nicolae_shop_advertising_works [nicolae_subvault_shop_adworks],
          nicolae_wormholes
D:2:      layout_basic, chequers_serial_rivers_micro_b
D:3:      layout_loops_corners, old_standard_altar
D:4:      layout_basic, lemuel_crystal_altar, mainiacjoe_overflow_brackets,
          gammafunk_ghost_split
D:5:      layout_loops_corners, lemuel_crystal_altar, zin_scriptorium,
          minmay_temple_entry_nine_rooms, hangedman_decor_diamond_cutter
D:6:      layout_cave_pools, grunt_gozag_breadcrumbs,
          nemelex_spade_bored_becter, grunt_dithmenos_smoke_and_mirrors,
          lemuel_doored_altar, minmay_statues_item, dk_vineyard_2,
          uniq_blork_the_orc
D:7:      layout_rooms, tso_metal_star
D:8:      layout_layer_cave
D:9:      layout_roguey, nicolae_vehumet_altar_sigil,
          hangedman_abyss_or_decor_stabs

Skill      XL: |  1  2  3  4  5  6  7  8  9 10 |
---------------+-------------------------------+-----
Ranged Weapons | 4 5 6 7 9 11 13 15 | 15.0
Fighting       | |  2.0
Dodging        | |  1.7
Stealth        | |  0.8

Action                   |  1- 3 |  4- 6 |  7- 9 | 10-12 || total
-------------------------+-------+-------+-------+-------++-------
Melee: Shortbow          |       |       |     1 |       ||     1
 Fire: Shortbow          |   115 |   181 |   342 |   197 ||   835
Evoke: Wand              |       |     5 |     4 |     2 ||    11
  Use: Potion            |       |     4 |     1 |     1 ||     6
       Scroll            |       |       |    12 |     3 ||    15
Armor: Leather armour    |    15 |    44 |    33 |       ||    92
       Steam dragon scal |       |       |     5 |    29 ||    34
Dodge: Dodged            |    30 |    72 |   125 |    90 ||   317

Table legend: (Time is in decaauts)
 A = Elapsed time spent in this place.
 B = Non-inter-level travel time spent in this place.
 C = Inter-level travel time spent in this place.
 D = Time resting spent in this place.
 E = Time spent auto-exploring this place.
 F = Levels seen in this place.
 G = Mean time per level.
                   A        B        C        D        E       F      G
               +--------+--------+--------+--------+--------+-----+--------+
         Total |   9166 |   8936 |    230 |    100 |   7295 |   9 | 1018.4 |
       Dungeon |   9166 |   8936 |    230 |    100 |   7295 |   9 | 1018.4 |
               +--------+--------+--------+--------+--------+-----+--------+

Top non-repeatable levels by time:
     D:8: 1890 daAuts
     D:5: 1322 daAuts
     D:3: 1174 daAuts
     D:1: 1132 daAuts
     D:9: 975 daAuts
     D:6: 847 daAuts
     D:2: 704 daAuts
     D:7: 597 daAuts
     D:4: 521 daAuts
